 Dungeon Crawl Stone Soup version 0.29.0-4-gdea44cf6ec (webtiles) character file.

Game seed: 5400744810037413800

2171 qw the Cleaver (level 9, 0/52 HPs)
             Began as a Tengu Warper on Aug 29, 2022.
             Succumbed to a killer bee's poison
             ... on level 7 of the Dungeon.
             The game lasted 00:01:26 (6778 turns).

qw the Cleaver (Tengu Warper)                       Turns: 6778, Time: 00:01:26

Health: 0/52       AC: 12    Str: 16    XL:     9   Next: 32%
Magic:  8/13       EV:  6    Int: 13    God:
Gold:   434        SH: 11    Dex: 20    Spells: 12/12 levels left

rFire   . . .      SeeInvis .   Y - +3 war axe (freeze)
rCold   + . .      Faith    .   o - +0 kite shield
rNeg    . . .      Spirit   +   c - +0 plate armour
rPois   .          Reflect  .   j - +1 hat
rElec   .          Harm     .   (no cloak)
rCorr   .          Rampage  .   (no gloves)
Will    .....                   (boots unavailable)
Stlth   ..........              h - amulet of guardian spirit
HPRegen 0.17/turn               n - ring of protection from cold
MPRegen 0.13/turn               i - +6 ring of dexterity

@: lethally poisoned (0 -> -29), flying quickly and evasively, quick
A: beak, talons 3, nimble flight
a: no special abilities


You were on level 7 of the Dungeon.
You visited 2 branches of the dungeon, and saw 8 of its levels.

You collected 434 gold pieces.


Innate Abilities, Weirdness & Mutations

You have a beak for a mouth.
You have claws for feet.
Your magical nature lets you fly swiftly and evasively.


   Skills:
 - Level 4.0 Fighting
 - Level 9.4 Axes
 - Level 1.0 Throwing
 - Level 4.0 Armour
 - Level 5.1 Dodging
 + Level 5.2 Shields
 - Level 2.0 Spellcasting
 - Level 2.4 Translocations


You had 12 spell levels left.
You didn't know any spells.
Your spell library contained the following spells:

 Spells                   Type           Power      Damage    Failure   Level
 Blink                    Tloc           14%        N/A       100%        2
 Gell's Gravitas          Tloc           7%         N/A       100%        3
 Lesser Beckoning         Tloc           7%         N/A       100%        3
 Teleport Other           Tloc           7%         N/A       100%        3
 Manifold Assault         Tloc           7%         N/A       100%        5

Inventory:

Hand Weapons
 f - a +2 flail of draining
 Y - a +3 war axe of freezing (weapon)
Armour
 c - a +0 plate armour (worn)
 j - a +1 hat (worn)
 k - a +1 cloak
 o - a +0 kite shield (worn)
Jewellery
 g - a ring of positive energy
 h - an amulet of guardian spirit (around neck)
 i - a +6 ring of dexterity (right hand)
 n - a ring of protection from cold (left hand)
Scrolls
 b - a scroll of fog {unknown}
 m - a scroll of identify
Potions
 a - a potion of mutation
 d - a potion of cancellation
 e - a potion of resistance
 l - a potion of haste
 r - a potion of curing {unknown}
 s - a potion of heal wounds {unknown}

Dungeon Overview and Level Annotations

Branches:
Dungeon (7/15)             Temple (1/1) D:4

Altars:
Ashenzari
Cheibriados
Elyvilon
Fedhas
Gozag
Kikubaaqudgha
Makhleb
Nemelex Xobeh
Qazlal
Trog
Uskayaw
Vehumet
Wu Jian
Zin
The Shining One

Shops:
D:1 !

Annotations:
D:4 1 transporter, qw's ghost, amateur TeWr


Message History

You hit the killer bee. You freeze the killer bee.
The killer bee is almost dead.
You miss the killer bee.
You feel very sick. You block the killer bee's attack.
The killer bee stings you but does no damage. x2
The killer bee barely misses you. You block the killer bee's attack.
The killer bee stings you but does no damage. x2
You block the killer bee's attack.
You miss the killer bee.
The killer bee is almost dead.
You miss the killer bee. x2
You feel very sick. The killer bee stings you.
You are lethally poisoned!
The killer bee poisons you! You block the killer bee's attack.
The killer bee completely misses you. The killer bee closely misses you.
The killer bee stings you but does no damage.
You block the killer bee's attack.
You miss the killer bee.
You peck the killer bee, but do no damage.
The killer bee is almost dead.
You hit the killer bee. You freeze the killer bee. You slash the killer bee!
You freeze the killer bee.
You feel very sick. The killer bee stings you.
You are more poisoned.
The killer bee poisons you! The killer bee completely misses you.
The killer bee barely misses you. You block the killer bee's attack.
The killer bee stings you. You block the killer bee's attack.
The killer bee stings you.
You are more poisoned.
The killer bee poisons you! The killer bee stings you.
You block the killer bee's attack.
You completely miss the killer bee. Your kick misses the killer bee.
Your peck misses the killer bee.
The killer bee is almost dead.
You hit the killer bee. You freeze the killer bee. You hit the killer bee.
You freeze the killer bee.
You die...

##### #########
#...#######...@y..#
###........%....yy#.#
......#######.###y#
##.....# #.# #Y#
###...## #.. ... #
##.## #####.## # #.#
... # #.# ... # #+#
...


You could see an ice beast and 4 killer bees.

Vanquished Creatures
  Pikel (D:6)
  Grinder (D:6)
  A wraith (D:5)
  Eustachio (D:6)
  2 steam dragons (D:7)
  A black bear (D:6)
  An ogre (D:5)
  A phantom (D:5)
  A centaur (D:4)
  A bullfrog (D:7)
  3 necrophages
  2 killer bees (D:7)
  A jelly (D:6)
  2 iguanas
  4 orc wizards
  5 adders
  2 ufetubi
  3 worms
  5 dart slugs
  12 orcs
  10 bats
  4 endoplasms
  4 giant cockroaches
  6 goblins
  6 hobgoblins
  2 jackals (D:3)
  6 quokkas
  8 ball pythons
  5 frilled lizards
  17 kobolds
  2 rats
120 creatures vanquished.

Vanquished Creatures (others)
  An orc (D:7)
  A fungus (D:3)
  34 plants (D:1)
36 creatures vanquished.

Grand Total: 156 creatures vanquished

Notes
Turn   | Place    | Note
-------+----------+-------------------------------------------
     0 | D:1      | qw the Tengu Warper began the quest for the Orb.
     0 | D:1      | Reached XP level 1. HP: 12/12 MP: 4/4
     0 | D:1      | 0 ||| qw: Version: 0.1-a-89-g26bdef1
     0 | D:1      | 0 ||| qw: Game counter: 3463
     0 | D:1      | 0 ||| qw: Always use a shield: true
     0 | D:1      | 0 ||| qw: God list: Okawaru
     0 | D:1      | 0 ||| qw: Allow faded altars: false
     0 | D:1      | 0 ||| qw: Do Orc after D:15 true
     0 | D:1      | 0 ||| qw: Do second Lair branch before Depths: true
     0 | D:1      | 0 ||| qw: Lair rune preference: random
     0 | D:1      | 0 ||| qw: Plans: Normal
     0 | D:1      | 0 ||| PLANNING D:1-11
    22 | D:1      | Found a faded altar of an unknown god.
    91 | D:1      | Reached XP level 2. HP: 17/17 MP: 6/6
   103 | D:1      | Reached skill level 3 in Axes
   322 | D:1      | Found Ganock's Distillery.
   333 | D:1      | 333 ||| SHOPLISTING 2 potions of curing (72 gold, have 42).
   333 | D:1      | 333 ||| SHOPLISTING 2 potions of mutation (192 gold, have
                  | 42).
   333 | D:1      | 333 ||| SHOPLISTING potion of heal wounds (60 gold, have
                  | 42).
   333 | D:1      | 333 ||| SHOPLISTING potion of might (48 gold, have 42).
   333 | D:1      | 333 ||| SHOPLISTING potion of resistance (120 gold, have
                  | 42).
   384 | D:1      | 384 ||| DROPPING +0 mace.
   462 | D:1      | 462 ||| Stepping ~*~*~tactically~*~*~ (hiding).
   564 | D:1      | 564 ||| Stepping ~*~*~tactically~*~*~ (hiding).
   572 | D:1      | Reached XP level 3. HP: 21/21 MP: 7/7
   695 | D:1      | 695 ||| Stepping ~*~*~tactically~*~*~ (hiding).
   797 | D:1      | 797 ||| Stepping ~*~*~tactically~*~*~ (hiding).
  1003 | D:1      | Reached skill level 4 in Axes
  1591 | D:1      | 1591 ||| UPGRADING to +0 swamp dragon scales.
  1601 | D:1      | 1601 ||| DROPPING +0 leather armour.
  1602 | D:1      | 1602 ||| READING scroll labelled ONLUNI KER.
  1603 | D:1      | 1603 ||| DROPPING scroll of blinking.
  1844 | D:2      | Reached XP level 4. HP: 26/26 MP: 8/8
  2290 | D:2      | 2290 ||| SWAPPING to +2 war axe of freezing.
  2291 | D:2      | 2291 ||| DROPPING +0 hand axe.
  2407 | D:2      | 2407 ||| DROPPING orb of mayhem.
  2408 | D:2      | 2408 ||| UPGRADING to amulet of guardian spirit.
  2413 | D:2      | 2413 ||| UPGRADING to +6 ring of dexterity.
  2414 | D:2      | 2414 ||| UPGRADING to ring of positive energy.
  2468 | D:3      | 2468 ||| Stepping ~*~*~tactically~*~*~ (stealth).
  2643 | D:3      | Reached skill level 5 in Axes
  2684 | D:3      | 2684 ||| Stepping ~*~*~tactically~*~*~ (stealth).
  2744 | D:3      | 2744 ||| Stepping ~*~*~tactically~*~*~ (stealth).
  2755 | D:3      | 2755 ||| FLEEEEING.
  2756 | D:3      | 2756 ||| FLEEEEING.
  2757 | D:3      | 2757 ||| FLEEEEING.
  2758 | D:3      | 2758 ||| FLEEEEING.
  2759 | D:3      | 2759 ||| FLEEEEING.
  2760 | D:3      | 2760 ||| STAIRDANCE
  2832 | D:2      | 2832 ||| DROPPING amulet of magic regeneration.
  2833 | D:2      | 2833 ||| READING scroll labelled DUTIEJOIRI.
  2834 | D:2      | 2834 ||| READING scroll labelled NIXTAKUDWO.
  2835 | D:2      | 2835 ||| DRINKING 2 amethyst potions.
  2836 | D:2      | 2836 ||| DROPPING potion of degeneration.
  2923 | D:3      | Gained mutation: Your magical nature lets you fly swiftly
                  | and evasively. [Tengu growth]
  2923 | D:3      | Reached XP level 5. HP: 30/30 MP: 9/9
  3273 | D:3      | 3273 ||| READING scroll labelled POWAOVE COXERE.
  3274 | D:3      | 3274 ||| READING scroll labelled VEFRUV HARIRE.
  3275 | D:3      | 3275 ||| READING scroll labelled EHIESH BE EVAU.
  3276 | D:3      | 3276 ||| DRINKING 2 lumpy clear potions.
  3377 | D:3      | 3377 ||| DROPPING potion of ambrosia.
  3429 | D:4      | Reached skill level 6 in Axes
  3537 | D:4      | Identified the +12 short sword "Tengu's Curse" {pain,
                  | Contam rC+ MP+9}
  3563 | D:4      | Noticed qw's ghost (amateur TeWr)
  3564 | D:4      | Found a transporter.
  3564 | D:4      | Noticed an ogre
  3584 | D:4      | Noticed a centaur
  3585 | D:4      | 3585 ||| Stepping ~*~*~tactically~*~*~ (hiding).
  3590 | D:4      | Killed a centaur
  3591 | D:4      | Reached skill level 7 in Axes
  3591 | D:4      | Reached XP level 6. HP: 35/35 MP: 10/10
  3667 | D:4      | Found a staircase to the Ecumenical Temple.
  3668 | D:4      | 3668 ||| PLANNING TEMPLE
  3668 | D:4      | 3668 ||| READING scroll labelled LEFFEY PUOSHRA.
  3669 | D:4      | 3669 ||| READING 2 scrolls of identify.
  3669 | D:4      | 3669 ||| IDENTIFYING black potion
  3675 | Temple   | Entered the Ecumenical Temple
  3864 | Temple   | 3864 ||| PLANNING D:1-11
  3895 | D:4      | 3895 ||| Stepping ~*~*~tactically~*~*~ (stealth).
  3897 | D:4      | 3897 ||| Stepping ~*~*~tactically~*~*~ (hiding).
  4007 | D:4      | 4007 ||| DROPPING +2 whip of draining.
  4123 | D:4      | 4123 ||| UPGRADING to +0 kite shield.
  4128 | D:4      | 4128 ||| UPGRADING to ring of protection from cold.
  4130 | D:4      | 4130 ||| UPGRADING to +6 ring of dexterity.
  4156 | D:5      | Entered Level 5 of the Dungeon
  4244 | D:5      | Reached XP level 7. HP: 40/40 MP: 11/11
  4354 | D:5      | Reached skill level 3 in Shields
  4506 | D:5      | Noticed a wraith
  4516 | D:5      | Killed a wraith
  4644 | D:5      | Reached skill level 3 in Dodging
  4761 | D:5      | 4761 ||| DROPPING +3 whip.
  4984 | D:5      | 4984 ||| READING scroll labelled TOGIJI UBLOUJYI.
  4985 | D:5      | 4985 ||| READING scroll labelled RUMPEE EFUONA.
  4989 | D:5      | 4989 ||| READING scroll labelled BOJ KOUTAMIT.
  4990 | D:5      | 4990 ||| DRINKING 2 brown potions.
  5042 | D:5      | 5042 ||| DRINKING 2 metallic golden potions.
  5043 | D:5      | 5043 ||| READING 3 scrolls of identify.
  5043 | D:5      | 5043 ||| IDENTIFYING puce potion
  5044 | D:5      | 5044 ||| READING 2 scrolls of identify.
  5044 | D:5      | 5044 ||| IDENTIFYING sedimented cyan potion
  5045 | D:5      | 5045 ||| DROPPING potion of lignification.
  5046 | D:5      | 5046 ||| DROPPING potion of attraction.
  5102 | D:6      | Reached XP level 8. HP: 42/45 MP: 10/12
  5152 | D:6      | 5152 ||| Stepping ~*~*~tactically~*~*~ (stealth).
  5157 | D:6      | Reached skill level 3 in Fighting
  5177 | D:6      | Noticed Pikel
  5183 | D:6      | 5183 ||| Stepping ~*~*~tactically~*~*~ (stealth).
  5185 | D:6      | 5185 ||| Stepping ~*~*~tactically~*~*~ (stealth).
  5186 | D:6      | 5186 ||| Stepping ~*~*~tactically~*~*~ (stealth).
  5189 | D:6      | 5189 ||| Stepping ~*~*~tactically~*~*~ (stealth).
  5191 | D:6      | 5191 ||| Stepping ~*~*~tactically~*~*~ (stealth).
  5200 | D:6      | Killed Pikel
  5201 | D:6      | Reached skill level 8 in Axes
  5401 | D:6      | Noticed Eustachio
  5419 | D:6      | 5419 ||| Stepping ~*~*~tactically~*~*~ (hiding).
  5443 | D:6      | Killed Eustachio
  5444 | D:6      | Reached skill level 3 in Armour
  5511 | D:6      | Found a white marble altar of Elyvilon.
  5553 | D:6      | Found a broken altar of Ashenzari.
  5557 | D:6      | Noticed Grinder
  5558 | D:6      | 5558 ||| Stepping ~*~*~tactically~*~*~ (stealth).
  5570 | D:6      | Killed Grinder
  5571 | D:6      | Reached XP level 9. HP: 13/51 MP: 4/13
  5974 | D:6      | 5974 ||| DROPPING +0 chain mail.
  5975 | D:6      | 5975 ||| UPGRADING to +0 plate armour.
  5985 | D:6      | 5985 ||| DROPPING +0 swamp dragon scales.
  5986 | D:6      | 5986 ||| UPGRADING to +1 hat.
  5991 | D:6      | 5991 ||| READING scroll labelled FOUVUO JY BIS.
  5992 | D:6      | 5992 ||| READING 2 scrolls of identify.
  5992 | D:6      | 5992 ||| IDENTIFYING blue potion
  6190 | D:7      | 6190 ||| Stepping ~*~*~tactically~*~*~ (stealth).
  6202 | D:7      | HP: 7/51 [steam dragon/ball of steam (12)]
  6206 | D:7      | Reached skill level 9 in Axes
  6209 | D:7      | HP: 4/51 [something/puff of flame (1)]
  6486 | D:7      | 6486 ||| DROPPING +0 flail of holy wrath.
  6531 | D:7      | 6531 ||| Stepping ~*~*~tactically~*~*~ (cloud).
  6637 | D:7      | Found a glowing silver altar of Zin.
  6637 | D:7      | Found a snail-covered altar of Cheibriados.
  6656 | D:7      | Identified the +7 mace "Tattletale" {vorpal, rPois}
  6658 | D:7      | 6658 ||| DROPPING +7 mace "Tattletale" {vorpal, rPois}.
  6764 | D:7      | 6764 ||| Stepping ~*~*~tactically~*~*~ (stealth).
  6765 | D:7      | 6765 ||| Stepping ~*~*~tactically~*~*~ (stealth).
  6767 | D:7      | 6767 ||| Stepping ~*~*~tactically~*~*~ (stealth).
  6777 | D:7      | HP: 12/52 [poisoned by a killer bee]
  6778 | D:7      | Succumbed to a killer bee's poison

Levels and vault maps discovered:
D:1:      shiori_arrival_oz, layout_loops_ring, serial_shops,
          nicolae_square_shop, basic_ecumenical_altar, serial_bayou_lagoon_a
D:2:      layout_loops_cross
D:3:      layout_basic, st_stairs_11, minmay_shallow_snake_nest
D:4:      layout_cave_pools, minmay_temple_entry_hall, gammafunk_ghost_smash
D:5:      layout_basic
D:6:      layout_rooms, ashenzari_altar_1, elyvilon_altar_3, nicolae_titane,
          uniq_eustachio, uniq_grinder, uniq_pikel
D:7:      layout_loops_corners, grunt_temple_overflow_open
Temple:   minmay_temple_curvy_loop

Skill      XL: |  1  2  3  4  5  6  7  8  9 |
---------------+----------------------------+-----
Axes           | 3 4 5 7 8 9 |  9.4
Shields        | 2 4 5 |  5.2
Dodging        | 3 5 |  5.1
Fighting       | 3 4 |  4.0
Armour         | 3 4 |  4.0
Throwing       | |  1.0
Spellcasting   | |  2.0
Translocations | |  2.4

Action                   |  1- 3 |  4- 6 |  7- 9 || total
-------------------------+-------+-------+-------++-------
Melee: Hand axe          |   118 |     7 |       ||   125
       Kick              |    27 |    30 |    25 ||    82
       Peck              |    12 |    14 |    26 ||    52
       Punch             |     1 |     1 |       ||     2
       War axe           |       |    86 |   112 ||   198
Throw: Boomerang         |     7 |       |       ||     7
       Javelin           |       |    20 |       ||    20
  Use: Scroll            |     1 |     7 |     7 ||    15
       Potion            |       |     2 |     2 ||     4
Armor: Leather armour    |    44 |       |       ||    44
       Swamp dragon scal |     3 |    37 |    21 ||    61
       Plate armour      |       |       |    33 ||    33
Dodge: Dodged            |    70 |    50 |    38 ||   158
Block: Kite shield       |       |     4 |    65 ||    69

Table legend:
 A = Non-vault XP
 B = Vault XP
 C = Vault XP percentage of total XP
 D = Non-vault monster count
 E = Vault monster count
 F = Vault count percentage of total count
                 A         B        C        D         E       F
            +---------+---------+-------+---------+---------+-------
      Total |    2024 |    1078 |  34.8 |     109 |      12 |   9.9
            +---------+---------+-------+---------+---------+-------
        D:1 |      58 |       4 |   6.5 |      33 |       2 |   5.7
        D:2 |      30 |       0 |   0.0 |       8 |       0 |   0.0
        D:3 |      57 |      23 |  28.8 |      23 |       7 |  23.3
        D:4 |     274 |       0 |   0.0 |      16 |       0 |   0.0
        D:5 |     651 |       0 |   0.0 |      13 |       0 |   0.0
        D:6 |     289 |    1051 |  78.4 |       6 |       3 |  33.3
        D:7 |     665 |       0 |   0.0 |      10 |       0 |   0.0
            +---------+---------+-------+---------+---------+-------
